 Dungeon Crawl Stone Soup version 0.19.0 (webtiles) character file.

212 tv1990 the Slasher (level 6, 0/44 HPs)
             Began as a Formicid Skald on Nov 1, 2016.
             Slain by Pikel
             ... wielding a +1 whip of freezing
              (1 damage)
             ... on level 4 of the Dungeon.
             The game lasted 00:08:23 (2615 turns).

tv1990 the Slasher (Formicid Skald)                 Turns: 2615, Time: 00:08:24

Health: 0/44       AC:  9    Str: 15 (16) XL:     6   Next: 13%
Magic:  9/9        EV: 11    Int:  9 (12) God:
Gold:   146        SH:  0    Dex: 15 (17) Spells: 3 memorised, 3 levels left

rFire  . . .     SeeInvis +     a - +1 falchion
rCold  . . .     Gourm    .     c - +0 chain mail
rNeg   + . .     Faith    .     (no shield)
rPois  .         Spirit   .     (helmet unavailable)
rElec  .         Reflect  .     (no cloak)
rCorr  .         Harm     .     k - +0 pair of gloves
MR     .....                    (no boots)
Stlth  ..........               (no amulet)
                                (no ring)
                                g - ring of positive energy

@: agile
A: permanent stasis, dig shafts and tunnels, four strong arms, antennae 3
a: Dig, Shaft Self


You were on level 4 of the Dungeon.
You were not hungry.

You visited 1 branch of the dungeon, and saw 4 of its levels.

You collected 146 gold pieces.

Inventory:

Hand Weapons
 a - a +1 falchion (weapon)
Armour
 b - a +0 leather armour
 c - a +0 chain mail (worn)
 k - a +0 pair of gloves (worn)
Jewellery
 g - a ring of positive energy (left hand)
 u - an uncursed ring of stealth {unknown}
 v - a cursed -3 ring of strength {unknown}
Wands
 p - a wand of disintegration (16/24)
Scrolls
 f - 4 scrolls of identify
 i - 2 scrolls of enchant weapon
 l - a scroll of remove curse
 n - 2 scrolls of magic mapping {unknown}
 r - a scroll of recharging {unknown}
Potions
 e - 3 potions of flight
 m - a potion of degeneration
Comestibles
 d - 2 bread rations
 j - 3 meat rations
 q - a chunk of flesh


   Skills:
 - Level 2.1 Fighting
 + Level 5.9 Long Blades
 - Level 1.1 Armour
 - Level 0.8 Dodging
 - Level 2.1 Spellcasting
 - Level 3.0 Charms


You had 3 spell levels left.
You knew the following spells:

 Your Spells              Type           Power        Failure   Level  Hunger
a - Infusion              Chrm           #...         99%         1    ##.....
b - Song of Slaying       Chrm           #.......     100%        2    ###....
c - Regeneration          Chrm/Necr      #.........   100%        3    ####...


Dungeon Overview and Level Annotations

Branches:
Dungeon (4/15)
 Temple: D:4-7

Altars:
Ashenzari
Makhleb
Vehumet
Zin

Annotations:
D:4 Pikel, Sigmund


Innate Abilities, Weirdness & Mutations

You are under a permanent stasis effect.
You can dig through walls and to a lower floor.
Your four strong arms can wield two-handed weapons with a shield.
You have a pair of large antennae on your head. (SInv)


Message History

Pikel freezes you.
* * * LOW HITPOINT WARNING * * *
A slave comes into view.
You closely miss Pikel.
Pikel is heavily wounded.
The slave shouts!
You hear an angry hiss.
You hear a shout!
Pikel hits you with a whip of freezing!
* * * LOW HITPOINT WARNING * * *
Pikel freezes you.
* * * LOW HITPOINT WARNING * * *
It was a potion of agility.
You feel agile all of a sudden. Pikel hits you but does no damage.
A frilled lizard comes into view.
It was a potion of magic.
Magic courses through your body.
Pikel checks his coin pouch and frowns.
Pikel hits you with a whip of freezing.
* * * LOW HITPOINT WARNING * * *
Pikel freezes you.
You die...

###### .....#
.....# ##########
.....# #)........#
.....#
....!.....###....(#
..........#@#{....#
..........##Kp....#
#.........#{#l....#
#........{{##..#.##
#........?.....# #
#......<..........
#.....#.##.#.#...#
##.#...K...#.#...#
# #....##........


You could see Pikel, a slave and a frilled lizard.

Vanquished Creatures
  A bullfrog (D:3)
  A scorpion (D:4)
  4 adders
  2 worms (D:2)
  A dart slug (D:2)
  2 leopard geckos
  2 orcs (D:3)
  4 bats
  6 giant cockroaches
  6 goblins
  9 hobgoblins
  3 kobolds
  A quokka (D:2)
  A ball python (D:3)
  4 frilled lizards
  9 rats
56 creatures vanquished.

Notes
Turn   | Place    | Note
-------+----------+-------------------------------------------
     0 | D:1      | tv1990 the Formicid Skald began the quest for the Orb.
     0 | D:1      | Reached XP level 1. HP: 16/16 MP: 3/3
   159 | D:1      | Reached XP level 2. HP: 17/22 MP: 5/5
   242 | D:1      | Reached skill level 3 in Long Blades
   607 | D:2      | Reached XP level 3. HP: 22/27 MP: 6/6
   696 | D:2      | Found a faded altar of an unknown god.
   793 | D:2      | Found a shattered altar of Ashenzari.
   875 | D:2      | Learned a level 2 spell: Song of Slaying
   879 | D:2      | Learned a level 3 spell: Regeneration
  1046 | D:2      | Found a glowing silver altar of Zin.
  1046 | D:2      | Found a burning altar of Makhleb.
  1047 | D:2      | Noticed a cacodemon
  1047 | D:2      | Noticed an angel
  1160 | D:2      | Reached skill level 4 in Long Blades
  1160 | D:2      | Reached XP level 4. HP: 19/33 MP: 7/7
  1767 | D:3      | Noticed a bullfrog
  1787 | D:3      | Killed a bullfrog
  1787 | D:3      | Reached skill level 5 in Long Blades
  1787 | D:3      | Reached XP level 5. HP: 2/38 MP: 8/8
  2077 | D:3      | Found a radiant altar of Vehumet.
  2571 | D:4      | Noticed Sigmund
  2571 | D:4      | Noticed Pikel
  2571 | D:4      | Noticed a slave
  2600 | D:4      | Reached XP level 6. HP: 29/44 MP: 9/9
  2606 | D:4      | Noticed a slave
  2613 | D:4      | Noticed a slave
  2615 | D:4      | HP: 1/44 [Pikel/whip of freezing (2)]
  2615 | D:4      | Slain by Pikel

Skill      XL: |  1  2  3  4 |
---------------+-------------+-----
Long Blades    | 3 4 5 |  5.9
Fighting       | |  2.1
Armour         | |  1.1
Dodging        | |  0.8
Spellcasting   | |  2.1
Charms         | |  3.0

Action                   |  1- 3 |  4- 6 || total
-------------------------+-------+-------++-------
Melee: Falchion          |   111 |   150 ||   261
 Abil: Dig               |       |     1 ||     1
  Use: Scroll            |       |     3 ||     3
       Potion            |       |     5 ||     5
  Eat: Chunk             |     1 |     5 ||     6
Armor: Leather armour    |    14 |       ||    14
       Chain mail        |    17 |   108 ||   125
Dodge: Dodged            |    50 |    47 ||    97
       Rpst.: Falchion   |    18 |    16 ||    34

Table legend:
 A = Turns spent in this place as a percentage of turns spent in the entire game.
 B = Non-inter-level travel turns spent in this place as a percentage of non-inter-level travel turns spent in the entire game.
 C = Inter-level travel turns spent in this place as a percentage of turns spent in this place.
 D = Turns resting spent in this place as a percentage of non-inter-level travel turns spent in this place.
 E = Turns spent auto-exploring this place as a percentage of non-inter-level travel turns spent in this place.
 F = Non-inter-level travel turns spent in this place divided by the number of levels of this place that you've seen.
                   A       B       C       D       E      F
               +-------+-------+-------+-------+-------+----------------------
         Total | 100.0 | 100.0 |   0.5 |   2.4 |  21.5 | 155.5
       Dungeon | 100.0 | 100.0 |   0.5 |   2.4 |  21.5 | 155.5
               +-------+-------+-------+-------+-------+----------------------

Table legend:
 A = Kills in this place as a percentage of kills in entire the game.
 B = Kills by you in this place as a percentage of kills by you in the entire game.
 C = Kills by friends in this place as a percentage of kills by friends in the entire game.
 D = Other kills in this place as a percentage of other kills in the entire game.
 E = Experience gained in this place as a percentage of experience gained in the entire game.
 F = Experience gained in this place divided by the number of levels of this place that you have seen.
                   A       B       C       D       E      F
               +-------+-------+-------+-------+-------+----------------------
         Total | 100.0 | 100.0 |  -nan |  -nan | 100.0 |  75.8
       Dungeon | 100.0 | 100.0 |  -nan |  -nan | 100.0 |  75.8
               +-------+-------+-------+-------+-------+----------------------

Vault maps used:
D:1:      saegor_arrival_simple_a
D:2:      grunt_temple_overflow_order_and_chaos_2,
          nicolae_overflow_hidden_temple, ecumenical_altar_1, first_bread
D:3:      vehumet_crystals
D:4:      kennysheep_mini, kennysheep_little_box,
          hangedman_decor_clover_reticule, uniq_duvessa, uniq_sigmund,
          uniq_robin, uniq_grinder, uniq_pikel
